 Dungeon Crawl Stone Soup version 0.28.0-45-g0d030f2227 (webtiles) character file.

Game seed: 16907340618696684372

434 protoss039 the Cudgeller (level 7, -1/44 HPs)
             Began as a Gargoyle Gladiator on Apr 10, 2022.
             Slain by a lemure (6 damage)
             ... led by Pikel
             ... on level 4 of the Dungeon.
             The game lasted 00:05:14 (3872 turns).

protoss039 the Cudgeller (Gargoyle Gladiator)       Turns: 3872, Time: 00:05:15

Health: -1/44      AC: 14    Str: 19    XL:     7   Next: 0%
Magic:  7/7        EV: 11    Int:  9    God:
Gold:   225        SH:  0    Dex: 11    Spells: 6/6 levels left

rFire   . . .      SeeInvis .   l - +1 scythe (venom)
rCold   . . .      Faith    .   (shield currently unavailable)
rNeg    + . .      Spirit   .   h - +0 ring mail
rPois   ∞          Reflect  .   c - +0 helmet
rElec   +          Harm     .   s - +2 cloak
rCorr   .          Rampage  .   (no gloves)
Will    .....                   (no boots)
Stlth   +.........              (no amulet)
HPRegen 0.14/turn               (no ring)
MPRegen 0.10/turn               (no ring)

@: attractive, hasted, very quick
A: sickness immunity, AC +4, negative energy resistance 1, electricity
resistance, torment resistance 1, petrification resistance
a: no special abilities


You were on level 4 of the Dungeon.
You visited 1 branch of the dungeon, and saw 4 of its levels.

You collected 225 gold pieces.

Inventory:

Hand Weapons
 a - a +0 flail
 l - a +1 scythe of venom (weapon)
 q - a +0 hand axe of freezing
Missiles
 d - 2 throwing nets (quivered)
Armour
 c - a +0 helmet (worn)
 h - a +0 ring mail (worn)
 s - a +2 cloak (worn)
Jewellery
 r - a +4 ring of protection
Wands
 m - a wand of iceblast (23)
 t - a wand of polymorph (5)
Scrolls
 b - a scroll of acquirement {unknown}
 f - 4 scrolls of identify
 k - a scroll of enchant armour {unknown}
 n - a scroll of fog {unknown}
 o - 2 scrolls of noise {unknown}
 p - 3 scrolls of immolation
Potions
 e - a potion of curing {unknown}
 g - a potion of attraction
 i - a potion of haste
 j - a potion of heal wounds {unknown}
 u - a potion of brilliance {unknown}


   Skills:
 + Level 5.2 Fighting
 + Level 5.3 Maces & Flails
 - Level 1.7 Throwing
 + Level 2.2 Armour
 - Level 3.0 Dodging


You had 6 spell levels left.
You didn't know any spells.
Your spell library contained the following spells:

 Spells                   Type           Power      Damage    Failure   Level
 Sandblast                Erth           0%         2d4       56%         1
 Passwall                 Tmut/Erth      0%         N/A       71%         2
 Stone Arrow              Conj/Erth      0%         3d7       90%         3


Dungeon Overview and Level Annotations

Branches:
Dungeon (4/15)
 Temple: D:4-7

Altars:
The Shining One

Shops:
D:3 [

Annotations:
D:4 Pikel


Innate Abilities, Weirdness & Mutations

You are immune to sickness and miasma.
Your stone body is resilient. (AC +4)
You are immune to poison.
You resist negative energy. (rN+)
You are resistant to electric shocks. (rElec)
You are resistant to unholy torment.
You are immune to petrification.


Message History

Unknown command.
You closely miss the lemure.
The lemure is moderately wounded.
Pikel misses you.
The lemure hits you but does no damage. x2
Pikel hits you with a +0 whip of freezing!
Pikel freezes you. The lemure hits you but does no damage. The lemure hits you.
Unknown command.
As you read the scroll labelled OSESAV LASCHONUIMI, it crumbles to dust.
It is a scroll of identify.
p - 3 scrolls of immolation Pikel hits you with a +0 whip of freezing.
Pikel freezes you.
* * * LOW HITPOINT WARNING * * *
The lemure hits you but does no damage. x2
Unknown command.
Okay, then.
Okay, then.
It was a potion of attraction.
You feel attractive to monsters.
The lemure looks more healthy.
Pikel hits you but does no damage. The lemure closely misses you.
The lemure hits you but does no damage.
Unknown command.
Unknown command.
Unknown command.
It was a potion of haste.
You feel yourself speed up. Pikel closely misses you. The lemure hits you.
* * * LOW HITPOINT WARNING * * *
The lemure barely misses you.
Unknown command.
Unknown command.
Unknown command.
Unknown command.
You slash the lemure!
The lemure is poisoned.
The lemure is severely wounded.
Pikel hits you with a +0 whip of freezing.
* * * LOW HITPOINT WARNING * * *
Pikel freezes you.
* * * LOW HITPOINT WARNING * * *
The lemure hits you.
You die...

.....................# #.##
.....###########.##..###.###
.....#### #.##........#
........### ###>...###....#
...####...####.......##....#
...##.......)..#.##..##..<.#
...##......#####†##.....####
...##......# ##5##.##..##
...........# ##5@##..#...##
...###.....###5K####......##
..............(###..(...#..#
................##......##.#
...###........#.........##.#
...# #.........K........####
...# #...................
...# #...................
...# #.##...............


You could see Pikel and 3 lemures.

Vanquished Creatures
  Sigmund (D:2)
  A lemure (D:4)
  A jelly (D:4)
  2 iguanas (D:4)
  Jessica (D:3)
  6 adders
  A white imp (D:3)
  An adder skeleton (D:4)
  6 worms (D:4)
  2 dart slugs (D:1)
  3 orcs
  5 endoplasms
  4 giant cockroaches
  13 goblins
  5 hobgoblins
  5 kobolds
  8 quokkas
  6 ball pythons
  4 bats
  6 frilled lizards
  A goblin skeleton (D:3)
  2 goblin zombies (D:3)
  A hobgoblin zombie (D:3)
  3 kobold skeletons (D:3)
  3 orc skeletons (D:3)
  An orc zombie (D:3)
  4 rats
96 creatures vanquished.

Notes
Turn   | Place    | Note
-------+----------+-------------------------------------------
     0 | D:1      | protoss039 the Gargoyle Gladiator began the quest for the
                  | Orb.
     0 | D:1      | Reached XP level 1. HP: 12/12 MP: 1/1
     2 | D:1      | Noticed an octopode
     2 | D:1      | Noticed a tengu
     4 | D:1      | Noticed a naga
     4 | D:1      | Noticed a spriggan
     6 | D:1      | Noticed a draconian
     8 | D:1      | Noticed a gargoyle
    10 | D:1      | Noticed a dwarf
    12 | D:1      | Noticed a merfolk
    12 | D:1      | Noticed a felid
    14 | D:1      | Noticed an ogre
    14 | D:1      | Noticed a demigod
    16 | D:1      | Noticed a ghoul
    16 | D:1      | Noticed a demonspawn
    18 | D:1      | Noticed a vampire
    18 | D:1      | Noticed a minotaur
    20 | D:1      | Noticed an elf
    22 | D:1      | Noticed a vine stalker
    22 | D:1      | Noticed a formicid
    24 | D:1      | Noticed a troll
    24 | D:1      | Noticed a human
   179 | D:1      | Reached XP level 2. HP: 14/18 MP: 2/2
   807 | D:1      | Reached XP level 3. HP: 22/22 MP: 3/3
  1623 | D:2      | Noticed Sigmund
  1638 | D:2      | Killed Sigmund
  1639 | D:2      | Reached XP level 4. HP: 20/30 MP: 4/4
  1639 | D:2      | Reached XP level 5. HP: 23/34 MP: 5/5
  2107 | D:3      | Found Cenwud's Armour Shop.
  2205 | D:3      | Noticed Jessica
  2208 | D:3      | Killed Jessica
  2209 | D:3      | Reached XP level 6. HP: 31/39 MP: 6/6
  2406 | D:3      | Reached skill level 1 in Armour
  2548 | D:3      | Found a faded altar of an unknown god.
  2593 | D:3      | Found a glowing golden altar of the Shining One.
  2638 | D:3      | Reached skill level 5 in Maces & Flails
  3102 | D:4      | Reached skill level 5 in Fighting
  3204 | D:4      | Noticed Pikel
  3849 | D:4      | Reached XP level 7. HP: 44/44 MP: 7/7
  3872 | D:4      | Slain by a lemure

Illustrated notes

Levels and vault maps discovered:
D:1:      kb_arrival_jail, layout_basic
D:2:      layout_rooms, uniq_sigmund
D:3:      layout_loops_ring, nicolae_tso_besieged_by_evil, serial_shops,
          nicolae_shop_crystal, hellmonk_ecumenical_altar_run_dry,
          grunt_ministairs_3, uniq_jessica
D:4:      layout_rooms, lemuel_doored_altar, chequers_decorated_corner,
          nicolae_wormholes, uniq_pikel

Skill      XL: |  1  2  3  4  5  6 |
---------------+-------------------+-----
Fighting       | 4 5 |  5.2
Dodging        | 3 |  3.0
Maces & Flails | 4 5 |  5.3
Armour         | 2 |  2.2
Throwing       | |  1.7

Action                   |  1- 3 |  4- 6 |  7- 9 || total
-------------------------+-------+-------+-------++-------
Melee: Flail             |   115 |   117 |       ||   232
       Punch             |     3 |     3 |       ||     6
       Scythe            |       |    82 |    12 ||    94
       Hand axe          |       |     9 |       ||     9
Throw: Throwing net      |     3 |       |       ||     3
  Use: Potion            |       |       |     2 ||     2
       Scroll            |       |       |     1 ||     1
 Stab: Held in net/web   |     1 |       |       ||     1
Armor: Leather armour    |    42 |       |       ||    42
       Ring mail         |     2 |   103 |    26 ||   131
Dodge: Dodged            |    69 |   121 |    25 ||   215
